 Dungeon Crawl Stone Soup version 0.29.0-7-g18a832c13a (webtiles) character file.

Game seed: 15097557656807453633

29178 Zeldest the Naga Aeon (level 13, 0/118 HPs)
             Began as a Naga Transmuter on Aug 30, 2022.
             Was the Champion of Cheibriados.
             Shot with an arrow by a centaur (2 damage)
             ... on level 11 of the Dungeon.
             The game lasted 00:52:11 (5957 turns).

Zeldest the Naga Aeon (Naga Transmuter)             Turns: 5957, Time: 00:52:11

Health: 0/118      AC: 17    Str: 28    XL:     13   Next: 43%
Magic:  20/22      EV: 10    Int: 33    God:    Cheibriados [******]
Gold:   603        SH:  0    Dex: 27    Spells: 13/20 levels left

rFire   . . .      SeeInvis +   a - +10 dark maul {vorpal}
rCold   . . .      Faith    +   (shield currently unavailable)
rNeg    . . .      Spirit   .   r - +3 leather armour {Will+}
rPois   +          Reflect  .   (no helmet)
rElec   .          Harm     .   D - +0 cloak
rCorr   .          Rampage  .   N - +3 pair of gauntlets of War {Slay+5}
Will    ++...                   (no barding)
Stlth   ++........              w - amulet of faith
HPRegen 0.29/turn               y - +4 ring of protection
MPRegen 0.18/turn               L - ring of wizardry

@: studying Evocations, very slow
A: AC +4, large, see invisible, deformed body, poison resistance, slowness 2,
spit poison 1, naga tail 2
a: Spit Poison, Renounce Religion, Bend Time, Temporal Distortion, Slouch, Step
From Time


You were on level 11 of the Dungeon.
You worshipped Cheibriados.
Cheibriados was exalted by your worship.
You visited 2 branches of the dungeon, and saw 13 of its levels.
You also visited: Ossuary and Ice Cave.

You collected 1410 gold pieces.
You spent 807 gold pieces at shops.

Inventory:

Hand Weapons
 a - the +10 dark maul (weapon) {vorpal}
   (You took it off a two-headed ogre on level 2 of the Orcish Mines)

   It inflicts extra damage upon your enemies.
 b - the +8 dagger "Fiomuosh" {elec, *Slow rElec rN+++ Str-3}
   (You found it on level 11 of the Dungeon)

   It occasionally discharges a powerful burst of electricity upon striking a
   foe.
   Str:       It affects your strength (-3).
   rElec:     It insulates you from electricity.
   rN:        It renders you almost immune to negative energy.
   *Slow:     It may slow you when you take damage.
Missiles
 c - 3 throwing nets
Armour
 d - a +2 leather armour of resistance
 r - a +3 leather armour of willpower (worn)
 D - a +0 cloak (worn)
 N - the +3 pair of gauntlets of War (worn) {Slay+5}
   (You bought it in a shop on level 2 of the Orcish Mines)

   Slay:      It affects your accuracy & damage with ranged weapons and melee
   (+5).
Jewellery
 p - a ring of fire
 w - an amulet of faith (around neck)
 y - a +4 ring of protection (left hand)
 H - a ring of flight
 L - a ring of wizardry (right hand)
 M - a ring of protection from fire
Wands
 i - a wand of iceblast (3)
 j - a wand of flame (25)
 C - a wand of quicksilver (5)
 F - a wand of mindburst (1)
Scrolls
 e - 3 scrolls of blinking
 f - a scroll of enchant armour
 k - a scroll of vulnerability
 n - 2 scrolls of fear
 v - a scroll of poison
 x - 2 scrolls of immolation
 J - a scroll of teleportation {unknown}
Potions
 h - 5 potions of attraction
 l - 3 potions of resistance
 m - 2 potions of cancellation
 q - 5 potions of brilliance
 s - 2 potions of flight
 z - 3 potions of curing
 A - 2 potions of mutation
 B - a potion of magic {unknown}
 I - a potion of invisibility {unknown}
 K - 2 potions of lignification


   Skills:
 - Level 8.3 Fighting
 + Level 3.7 Maces & Flails
 + Level 0.4 Armour
 + Level 1.8 Dodging
 - Level 10.4 Unarmed Combat
 - Level 4.0 Spellcasting
 - Level 11.0 Transmutations
 - Level 4.0 Ice Magic
 + Level 2.1 Earth Magic
 - Level 12.1 Invocations
 - Level 10.4 Evocations


You had 13 spell levels left.
You knew the following spells:

 Your Spells              Type           Power      Damage    Failure   Level
a - Beastly Appendage     Tmut           100%       N/A       1%          1
b - Wereblood             Tmut           68%        N/A       1%          2
c - Ice Form              Ice/Tmut       54%        N/A       1%          4

Your spell library contained the following spells:

 Spells                   Type           Power      Damage    Failure   Level
 Ensorcelled Hibernation  Hex/Ice        38%        N/A       1%          2
 Spider Form              Tmut/Pois      43%        N/A       1%          3
 Sublimation of Blood     Necr           6%         N/A       3%          2
 Anguish                  Hex/Necr       3%         N/A       22%         4
 Conjure Ball Lightning   Conj/Air       3%         3x3d6     96%         6
 Summon Hydra             Summ           3%         N/A       100%        7
 Discord                  Hex            3%         N/A       100%        8
 Disjunction              Tloc           3%         N/A       100%        8


Dungeon Overview and Level Annotations

Branches:
Dungeon (11/15)              Lair (0/5) D:9             Orc (2/2) D:10
    Elf (0/3) Orc:2       Ossuary (visited)           IceCv (visited)
 Temple: D:4-7

Altars:
Cheibriados
Kikubaaqudgha
Okawaru
Ru
Sif Muna
Trog
Wu Jian
Xom

Shops:
D:7 [   Orc:2 (**[[

Annotations:
D:4 1 runed translucent door, Crazy Yiuf
D:5 1 runed translucent door, snarfax's ghost, novice TrFi


Innate Abilities, Weirdness & Mutations

Your serpentine skin is tough. (AC +4)
You have supernaturally acute eyesight. (SInv)
Armour fits poorly on your strangely shaped body.
Your system is resistant to poisons. (rPois)
You cover ground very slowly.
You can spit poison.
You can use your snake-like lower body to constrict enemies.


Message History

Things that are here:
a +0 trident; the +0 chain mail of the First Spines {Rampage rC- rCorr Dex+5}
Found a stone staircase leading down.
The yaktaur captain shouts!
The yaktaur captain shoots a bolt.
The bolt barely misses you.
The yaktaur captain shoots a bolt.
The bolt hits you!
You warp the flow of time around you!
The yaktaur captain unwields a +0 arbalest.
The yaktaur captain wields a staff of cold.
The yaktaur captain hits you with a staff of cold!!
The yaktaur captain freezes you!
The yaktaur captain hits you with a staff of cold.
The yaktaur captain freezes you!
The yaktaur captain hits you with a staff of cold.
The yaktaur captain freezes you.
* * * LOW HITPOINT WARNING * * *
The cyclops hits you!
* * * LOW HITPOINT WARNING * * *
Okay, then.
You beat the yaktaur captain like a drum!!!!
You kill the yaktaur captain!
Cheibriados appreciates the change of pace.
You hear a shout!
The cyclops misses you. The cyclops hits you!!
* * * LOW HITPOINT WARNING * * *
Your Earth Magic skill increases to level 2!
Okay, then.
You bludgeon the cyclops!!
The cyclops is almost dead.
A centaur comes into view.
The cyclops hits you.
* * * LOW HITPOINT WARNING * * *
The cyclops barely misses you.
The centaur shouts!
You pound the cyclops like an anvil!!!!
You kill the cyclops!
Cheibriados appreciates the change of pace.
The centaur wields a +0 shortbow.
The centaur shoots an arrow.
The arrow hits you.
You die...

##........ #......... ........
#.........## .....c.
............####.....
.<................>. .........#
...................# #zz......#
...#####...........# #........##
....## #......|..# ##.........#
.....## #.....@..###..........#
......### ##.....(.##............
........###........#.............
#........................<.......
##.............##..............>$
###..........### #........z......
# #.....#....# #.............. #
##....#....# ##...........## #
#.........# ##..........#


You could see a centaur.

Vanquished Creatures
  A fire giant (D:11)
  An orc warlord (Orc:2)
  A white draconian (IceCv)
  A yaktaur captain (D:11)
  A boulder beetle (D:11)
  2 hydras
  The ghost of turdburglar the Ducker, a journeyman GnAM of Gozag (D:10)
  4 two-headed ogres
  A centaur warrior (D:11)
  An orc high priest (Orc:2)
  3 skeletal warriors (D:11)
  3 orc knights (Orc:2)
  6 orc sorcerers (Orc:2)
  4 cyclopes
  Maurice (D:8)
  A gargoyle (D:10)
  Psyche (D:8)
  2 ice statues (IceCv)
  Maggie (D:6)
  A komodo dragon (D:9)
  4 rime drakes (IceCv)
  A kobold demonologist (D:11)
  A troll (Orc:2)
  3 centaur simulacra (D:10)
  2 shadows
  A wyvern (D:10)
  A yak (D:6)
  2 steam dragons (D:8)
  An acid dragon (D:10)
  10 wargs
  A water moccasin (D:7)
  15 orc warriors
  4 ice beasts (D:10)
  A sky beast (D:7)
  2 black bears
  4 ogres
  3 centaurs
  2 phantoms (D:6)
  A kobold brigand (D:11)
  4 bullfrogs
  A necrophage (D:7)
  5 scorpions
  2 water moccasin zombies (Ossuary)
  10 wights
  23 killer bees
  5 lindwurm simulacra (IceCv)
  5 howler monkeys
  4 crimson imps (D:9)
  5 komodo dragon simulacra (IceCv)
  2 hounds (D:5)
  14 orc priests
  5 iguanas (D:6)
  38 orc wizards
  2 mummies (Ossuary)
  7 acid dragon simulacra (IceCv)
  6 gnolls
  7 adders
  2 shadow imps
  6 white imps
  An ufetubus (D:4)
  4 steam dragon simulacra (IceCv)
  5 adder zombies (Ossuary)
  A worm (D:5)
  3 dart slugs
  79 orcs
  2 bats (D:2)
  4 endoplasms
  A giant cockroach (D:3)
  6 gnoll zombies (Ossuary)
  7 goblins
  3 hobgoblins
  2 jackals (D:2)
  7 kobolds
  2 quokkas
  3 ball pythons
  5 hobgoblin zombies (Ossuary)
  8 kobold zombies (Ossuary)
  5 orc zombies (Ossuary)
  A rat (D:2)
398 creatures vanquished.

Vanquished Creatures (others)
  An orc wizard (Orc:2)
  An orc (Orc:1)
  A fungus (D:4)
  22 plants
25 creatures vanquished.

Grand Total: 423 creatures vanquished

Notes
Turn   | Place    | Note
-------+----------+-------------------------------------------
     0 | D:1      | Zeldest the Naga Transmuter began the quest for the Orb.
     0 | D:1      | Reached XP level 1. HP: 18/18 MP: 3/3
   132 | D:1      | Reached XP level 2. HP: 20/25 MP: 5/5
   140 | D:1      | Learned a level 2 spell: Wereblood
   408 | D:2      | Reached XP level 3. HP: 32/32 MP: 6/6
   575 | D:3      | Found a snail-covered altar of Cheibriados.
   581 | D:3      | Became a worshipper of Cheibriados the Contemplative
   633 | D:3      | Reached XP level 4. HP: 22/39 MP: 7/7
   844 | D:3      | Reached skill level 1 in Invocations
   888 | D:4      | Found a runed translucent door.
   889 | D:4      | Noticed Crazy Yiuf
   890 | D:4      | Identified the +5 hammer of Hocourr {flame, SInv}
   931 | D:4      | Reached XP level 5. HP: 46/46 MP: 8/8
   991 | D:4      | Reached * piety under Cheibriados
  1250 | D:5      | Entered Level 5 of the Dungeon
  1288 | D:5      | Found a runed translucent door.
  1295 | D:5      | Noticed snarfax's ghost (novice TrFi)
  1381 | D:5      | Reached skill level 2 in Invocations
  1385 | D:5      | Reached XP level 6. HP: 54/56 MP: 6/9
  1391 | D:5      | Found an ancient bone altar of Kikubaaqudgha.
  1589 | D:5      | Found a sand-covered staircase.
  1598 | Ossuary  | Entered an ossuary
  1604 | Ossuary  | Reached ** piety under Cheibriados
  1697 | Ossuary  | Reached *** piety under Cheibriados
  1703 | Ossuary  | Reached skill level 3 in Invocations
  1703 | Ossuary  | Reached XP level 7. HP: 63/63 MP: 7/10
  1809 | D:5      | Reached skill level 5 in Unarmed Combat
  1848 | D:5      | Found a bloodstained altar of Trog.
  1934 | D:6      | Reached skill level 4 in Invocations
  1936 | D:6      | Reached skill level 5 in Transmutations
  1936 | D:6      | Reached XP level 8. HP: 73/73 MP: 9/11
  1982 | D:6      | Found an iron altar of Okawaru.
  1983 | D:6      | Noticed Maggie
  1995 | D:6      | Killed Maggie
  1996 | D:6      | Reached skill level 5 in Fighting
  1996 | D:6      | Reached skill level 5 in Invocations
  2038 | D:6      | Noticed a seven-headed hydra
  2045 | D:6      | Reached **** piety under Cheibriados
  2045 | D:6      | Noticed a yak
  2056 | D:6      | Killed a seven-headed hydra
  2057 | D:6      | Reached skill level 6 in Invocations
  2057 | D:6      | Reached XP level 9. HP: 28/85 MP: 11/13
  2099 | D:6      | Learned a level 4 spell: Ice Form
  2272 | D:6      | Reached skill level 7 in Invocations
  2304 | D:6      | Reached skill level 1 in Ice Magic
  2513 | D:7      | Found Isuq's Armour Boutique.
  2539 | D:7      | Reached ***** piety under Cheibriados
  2554 | D:7      | Found an ornate altar of the Wu Jian Council.
  2607 | D:7      | Found a shimmering blue altar of Sif Muna.
  2702 | D:8      | Noticed Maurice
  2715 | D:8      | Killed Maurice
  2716 | D:8      | Reached XP level 10. HP: 65/94 MP: 13/15
  2782 | D:8      | Noticed Psyche
  2796 | D:8      | Killed Psyche
  3000 | D:9      | Reached skill level 8 in Invocations
  3059 | D:9      | Found a shimmering altar of Xom.
  3233 | D:9      | Found a staircase to the Lair.
  3322 | D:10     | Entered Level 10 of the Dungeon
  3322 | D:10     | Noticed a two-headed ogre
  3322 | D:10     | Found a staircase to the Orcish Mines.
  3415 | D:10     | Killed a two-headed ogre
  3416 | D:10     | Reached skill level 9 in Invocations
  3416 | D:10     | Reached skill level 5 in Evocations
  3416 | D:10     | Reached XP level 11. HP: 102/102 MP: 17/17
  3450 | D:10     | Noticed turdburglar's ghost (journeyman GnAM)
  3487 | D:10     | Found a sacrificial altar of Ru.
  3561 | D:10     | Reached ****** piety under Cheibriados
  3589 | D:10     | Found a runed translucent gate.
  3589 | D:10     | Found a runed translucent gate.
  3589 | D:10     | Found a runed translucent gate.
  3726 | D:10     | Killed turdburglar's ghost
  3753 | D:10     | Identified the +4 falchion of the Iron City of Dis {venom,
                  | rElec Stlth+}
  3801 | D:11     | Noticed a cyclops
  3801 | D:11     | Noticed a skeletal warrior
  3801 | D:11     | Noticed a skeletal warrior
  3821 | D:11     | Noticed a boulder beetle
  3839 | D:11     | Killed a boulder beetle
  3915 | Orc:1    | Entered Level 1 of the Orcish Mines
  3933 | Orc:1    | Reached skill level 10 in Invocations
  4093 | Orc:2    | Entered Level 2 of the Orcish Mines
  4093 | Orc:2    | Noticed an orc sorcerer
  4096 | Orc:2    | Noticed an orc high priest
  4103 | Orc:2    | Killed an orc high priest
  4108 | Orc:2    | Noticed an orc knight
  4112 | Orc:2    | Killed an orc sorcerer
  4120 | Orc:2    | Killed an orc knight
  4121 | Orc:2    | Reached XP level 12. HP: 75/110 MP: 5/19
  4191 | Orc:2    | Found a frozen archway.
  4220 | IceCv    | Entered an ice cave
  4519 | IceCv    | Noticed a white draconian
  4535 | IceCv    | Killed a white draconian
  4690 | Orc:2    | Found Kueper's Antique Weapon Emporium.
  4745 | Orc:2    | Found a staircase to the Elven Halls.
  4779 | Orc:2    | Reached skill level 11 in Invocations
  4786 | Orc:2    | Reached skill level 10 in Evocations
  4814 | Orc:2    | Noticed a soul eater
  4866 | Orc:2    | Reached skill level 10 in Transmutations
  4866 | Orc:2    | Noticed an orc warlord
  4875 | Orc:2    | Killed an orc warlord
  4897 | Orc:2    | Reached skill level 10 in Unarmed Combat
  4938 | Orc:2    | Found Plog's Armour Shop.
  4938 | Orc:2    | Found Piusm's Armour Shoppe.
  4952 | Orc:2    | Bought the +3 pair of gauntlets of War {Slay+5} for 807
                  | gold pieces
  4952 | Orc:2    | Found the +3 pair of gauntlets of War {Slay+5}
  4999 | Orc:2    | Found Keohop's General Store.
  5022 | Orc:2    | Found Fasohaqa's Assorted Antiques.
  5110 | Orc:2    | Noticed a two-headed ogre
  5117 | Orc:2    | Killed a two-headed ogre
  5174 | Orc:2    | Noticed a two-headed ogre
  5176 | Orc:2    | Killed a two-headed ogre
  5177 | Orc:2    | Reached skill level 12 in Invocations
  5177 | Orc:2    | Gained mutation: You can use your snake-like lower body to
                  | constrict enemies. [Naga growth]
  5177 | Orc:2    | Reached XP level 13. HP: 106/117 MP: 18/22
  5186 | Orc:2    | Reached skill level 1 in Maces & Flails
  5568 | D:11     | Identified the +8 dagger "Fiomuosh" {elec, *Slow rElec
                  | rN+++ Str-3}
  5721 | D:11     | Reached skill level 1 in Earth Magic
  5733 | D:11     | Noticed a fire giant
  5733 | D:11     | Identified the +0 chain mail of the First Spines {Rampage
                  | rC- rCorr Dex+5}
  5763 | D:11     | Noticed a yaktaur captain
  5782 | D:11     | Killed a fire giant
  5955 | D:11     | Killed a yaktaur captain
  5955 | D:11     | HP: 5/118 [cyclops (23)]
  5956 | D:11     | HP: 1/118 [cyclops (5)]
  5957 | D:11     | Shot with an arrow by a centaur

Illustrated notes

Levels and vault maps discovered:
D:1:      elethiomel_arrival_infinity_welcomes_careful_drivers, layout_basic
D:2:      layout_rooms, nicolae_eternal_life, minmay_misc_feat_tower,
          chequers_mini_garden
D:3:      layout_loops_ring, general_overflow_altar,
          dilly_ecumenical_altar_fadedgnrine
D:4:      layout_cave_pods, serial_column_ruins, column_ruins_grid_1,
          column_ruins_grid_1, column_ruins_columns_corner,
          column_ruins_open_tiny, minmay_box_of_dots, uniq_crazy_yiuf_cottage
D:5:      layout_basic, trog_butcher_becter, lemuel_doored_altar,
          hellmonk_ghost_happy_afterlife, nicolae_ossuary_entry_monument,
          kennysheep_generic_room_15
D:6:      layout_loops_cross, mainiacjoe_overflow_cross_hatched,
          okawaru_gym_becter, vehumet_statue, minmay_manual_monolith,
          uniq_maggie
D:7:      layout_basic, nicolae_wu_jian_immortal_techniques,
          lemuel_blue_sif_altar, amcnicky_altar_gilded,
          minmay_temple_entry_fiery, serial_shops, shop, reono_crystal_passage
D:8:      layout_rooms, uniq_maurice, uniq_psyche, uniq_erica
D:9:      layout_small_grid, led_xom_imps, david_lair_shrubbed
D:10:     layout_rooms, mainiacjoe_overflow_alcove_4, orc_0_dummy,
          gammafunk_ghost_icy
D:11:     minmay_mutant_horseshoe, layout_layer_cave
Orc:1:    layout_caves, basic_altar
Orc:2:    st_orc_town, layout_diamond_mine, portal_ice_cave_entry_pillars_1,
          serial_shops, nicolae_shop_behind_doors,
          hellmonk_guarded_unrand_dark_maul

Skill      XL: |  1  2  3  4  5  6  7  8  9 10 11 12 13 |
---------------+----------------------------------------+-----
Fighting       | 2 3 4 6 7 8 |  8.3
Transmutations | 3 4 5 6 7 9 10 11 | 11.0
Invocations    | 1 2 3 4 6 7 9 10 12 | 12.1
Unarmed Combat | 4 5 7 8 10 | 10.4
Ice Magic      | 2 4 |  4.0
Evocations     | 5 8 10 | 10.4
Spellcasting   | 4 |  4.0
Maces & Flails | 3 |  3.7
Earth Magic    | 2 |  2.1
Armour         | |  0.4
Dodging        | |  1.8

Action                   |  1- 3 |  4- 6 |  7- 9 | 10-12 | 13-15 || total
-------------------------+-------+-------+-------+-------+-------++-------
Melee: Unarmed           |    54 |    28 |     3 |   366 |     4 ||   455
       Headbutt          |     6 |    14 |    24 |    16 |     3 ||    63
       Punch             |     1 |     4 |     7 |     2 |       ||    14
       Mace              |       |   101 |   152 |   112 |       ||   365
       Maul              |       |       |       |       |    29 ||    29
       Constrict         |       |       |       |       |     3 ||     3
 Cast: Beastly Appendage |    12 |    19 |    15 |    14 |     4 ||    64
       Wereblood         |     1 |    15 |    12 |    28 |     3 ||    59
       Ice Form          |       |       |     1 |    25 |       ||    26
Invok: Slouch            |       |       |       |     4 |       ||     4
       Step From Time    |       |       |       |       |     2 ||     2
       Temporal Distorti |       |       |       |       |     2 ||     2
 Abil: Spit Poison       |    15 |     3 |     6 |     4 |     2 ||    30
       End Transformatio |       |       |       |     3 |     1 ||     4
Evoke: Wand              |       |       |     8 |    18 |       ||    26
  Use: Potion            |     2 |       |     3 |     2 |     4 ||    11
       Scroll            |       |     6 |     9 |     6 |     6 ||    27
Armor: Robe              |    13 |       |       |       |       ||    13
       Leather armour    |       |    86 |   133 |    86 |    28 ||   333
       Skin              |       |       |       |   182 |     1 ||   183
Dodge: Dodged            |    31 |    66 |   154 |   233 |    27 ||   511
